 Dungeon Crawl Stone Soup version 0.28.0-47-ge53b351184 (webtiles) character file.

Game seed: 9921106662913579350

48 Ablot the Cutter (level 3, -7/35 HPs)
             Began as a Gnoll Chaos Knight on Apr 28, 2022.
             Was a Plaything of Xom.
             Mangled by Sigmund the black mamba (glowing shapeshifter) (8 damage)
             ... on level 2 of the Dungeon.
             The game lasted 00:01:54 (1319 turns).

Ablot the Cutter (Gnoll Chaos Knight)               Turns: 1319, Time: 00:01:55

Health: -7/35      AC:  6    Str: 13    XL:     3   Next: 72%
Magic:  4/4        EV: 12    Int: 11    God:    Xom [..*...]
Gold:   67         SH:  0    Dex: 11    Spells: 3/3 levels left

rFire   . . .      SeeInvis .   a - +0 short sword (chaos)
rCold   . . .      Faith    .   (no shield)
rNeg    . . .      Spirit   .   b - +2 leather armour
rPois   .          Reflect  .   e - +1 hat
rElec   .          Harm     .   (no cloak)
rCorr   .          Rampage  .   (no gloves)
Will    .....                   (no boots)
Stlth   +.........              (no amulet)
HPRegen 0.11/turn               (no ring)
MPRegen 0.09/turn               (no ring)

@: no status effects
A: fangs 1, strong nose, distributed training
a: Renounce Religion


You were on level 2 of the Dungeon.
You worshipped Xom.
You were a toy of Xom.
You visited 1 branch of the dungeon, and saw 2 of its levels.

You collected 67 gold pieces.

Inventory:

Hand Weapons
 a - a +0 short sword of chaos (weapon)
 f - a +2 hand axe of flaming
Missiles
 d - 37 stones
 g - 43 sling bullets
 k - 32 arrows
 l - 4 poisoned darts (quivered)
 m - 31 bolts
Armour
 b - a +2 leather armour (worn)
 e - a +1 hat (worn)
Wands
 n - a wand of acid (4)
Scrolls
 c - a scroll of fear {unknown}
 h - 4 scrolls of identify {unknown}
 i - a scroll of fog {unknown}
 j - a scroll of noise {unknown}


   Skills:
 + Level 6.5 Fighting
 + Level 6.5 Short Blades
 + Level 0.9 Long Blades
 + Level 0.9 Axes
 + Level 0.9 Maces & Flails
 + Level 0.9 Polearms
 + Level 0.9 Staves
 + Level 0.9 Slings
 + Level 0.9 Bows
 + Level 0.9 Crossbows
 + Level 0.9 Throwing
 + Level 4.5 Armour
 + Level 2.6 Dodging
 + Level 0.9 Stealth
 + Level 0.9 Shields
 + Level 0.9 Unarmed Combat
 + Level 0.9 Spellcasting
 + Level 0.6 Conjurations
 + Level 0.6 Hexes
 + Level 0.6 Summonings
 + Level 0.6 Necromancy
 + Level 0.6 Translocations
 + Level 0.6 Transmutations
 + Level 0.6 Fire Magic
 + Level 0.6 Ice Magic
 + Level 0.6 Air Magic
 + Level 0.6 Earth Magic
 + Level 0.6 Poison Magic
 + Level 1.0 Invocations
 + Level 0.9 Evocations


You had 3 spell levels left.
You didn't know any spells.
Your spell library contained the following spells:

 Spells                   Type           Power      Damage    Failure   Level
 Gell's Gravitas          Tloc           1%         N/A       67%         3
 Teleport Other           Tloc           1%         N/A       67%         3
 Alistair's Intoxication  Tmut/Pois      0%         N/A       100%        5
 Borgnjor's Vile Clutch   Necr/Erth      0%         N/A       100%        5
 Dispersal                Tloc           0%         N/A       100%        6
 Eringya's Noxious Bog    Tmut/Pois      0%         N/A       100%        6


Dungeon Overview and Level Annotations

Branches:
Dungeon (2/15)

Altars:
Ashenzari

Shops:
D:1 (

Annotations:
D:2 Sigmund


Innate Abilities, Weirdness & Mutations

You have very sharp teeth.
Your uncanny sense of smell can sniff out nearby items.
Your experience applies equally to all skills.


Message History

Press: ? - help, Shift-Dir - straight line, f/p - Sigmund
Aim: Sigmund the wind drake shaped shifter (moderately wounded, catching its breath, 57% to hit)
The bolt of acid misses Sigmund.
Sigmund the wind drake changes into a spriggan!
Aiming: Corrosive Bolt
Press: ? - help, Shift-Dir - straight line, f/p - Sigmund
Aim: Sigmund the spriggan shaped shifter (moderately wounded, 43% to hit)
The bolt of acid hits Sigmund!
Sigmund is severely wounded.
Sigmund the spriggan changes into a yaktaur!
Aiming: Corrosive Bolt
Press: ? - help, Shift-Dir - straight line, f/p - Sigmund
Aim: Sigmund the yaktaur shaped shifter (lightly wounded, 94% to hit)
The bolt of acid hits Sigmund!!
The acid corrodes Sigmund!
Sigmund is heavily wounded.
Sigmund picks up a +0 scythe.
Sigmund wields a +0 scythe.
Sigmund picks up a +0 robe.
Sigmund wears a +0 robe.
Sigmund hits you from afar with a +0 scythe.
Sigmund hits you with a +0 scythe!!
Ouch! That really hurt!
* * * LOW HITPOINT WARNING * * *
Xom roars with laughter!
A shower of butterflies erupts from you!
You puncture Sigmund!
Sigmund is poisoned.
Sigmund is severely wounded.
Sigmund barely misses you.
You hit Sigmund. You freeze Sigmund.
Sigmund is severely wounded.
Sigmund the yaktaur changes into a black mamba!
You hit Sigmund. You burn Sigmund.
Sigmund is moderately wounded.
Sigmund completely misses you.
Aiming: Corrosive Bolt
Press: ? - help, Shift-Dir - straight line, f/p - Sigmund
Aim: Sigmund the black mamba shaped shifter (moderately wounded, ally target, 53% to hit)
The bolt of acid hits Sigmund!
The acid corrodes Sigmund!
Sigmund is heavily wounded.
Sigmund barely misses you. Sigmund bites you!
You die...
Xom thinks this is hilarious!

#. #.##. #.# #.##. #.#
#######+##. ..#
#.......... #.#
#.......... ..#.#
#.........# #.#.#
#.........# #S#.#
#.........# #@#.#
#.........# #b#.#
#.........# # #.#.#
#.........#
#####.#b#.####.........#
..................######
#####.#.#.#######.#
#.#.#.......#.# #
#.#######.#.# #.# #.#


You could see Sigmund the black mamba shaped shifter (corroded, ally target).

Vanquished Creatures
  5 ball pythons
  5 bats
  An endoplasm (D:1)
  4 giant cockroaches
  7 hobgoblins
  A quokka (D:2)
  2 frilled lizards (D:1)
  2 goblins
  6 kobolds
  A rat (D:1)
34 creatures vanquished.

Notes
Turn   | Place    | Note
-------+----------+-------------------------------------------
     0 | D:1      | Ablot the Gnoll Chaos Knight began the quest for the Orb.
     0 | D:1      | Reached XP level 1. HP: 23/23 MP: 1/1
    81 | D:1      | XOM: cloud trail
   106 | D:1      | XOM: divination: magic mapping
   150 | D:1      | XOM: god gift: 32 gold pieces
   173 | D:1      | Reached XP level 2. HP: 23/29 MP: 2/2
   196 | D:1      | Found a faded altar of an unknown god.
   199 | D:1      | XOM: noise
   219 | D:1      | Reached XP level 3. HP: 22/35 MP: 3/3
   518 | D:1      | Found Efomuesm's Weapon Boutique.
   591 | D:1      | XOM: silly message
   600 | D:1      | XOM: cloud trail
   603 | D:1      | XOM: silly message
   663 | D:1      | Found a broken altar of Ashenzari.
   771 | D:2      | Reached skill level 1 in Invocations
   921 | D:2      | XOM: divination: detect creatures
  1294 | D:2      | Noticed Sigmund
  1303 | D:2      | Noticed Sigmund
  1303 | D:2      | Sigmund changed into Sigmund the glowing shapeshifter
  1303 | D:2      | Noticed Sigmund
  1303 | D:2      | Sigmund the glowing shapeshifter changed into Sigmund the
                  | manticore
  1304 | D:2      | Noticed Sigmund
  1304 | D:2      | Sigmund the manticore changed into Sigmund the salamander
  1306 | D:2      | XOM: confuse monster(s)
  1306 | D:2      | Noticed Sigmund
  1306 | D:2      | Sigmund the salamander changed into Sigmund the wind drake
  1309 | D:2      | Noticed Sigmund
  1309 | D:2      | Sigmund the wind drake changed into Sigmund the spriggan
  1310 | D:2      | Noticed Sigmund
  1310 | D:2      | Sigmund the spriggan changed into Sigmund the yaktaur
  1315 | D:2      | HP: 1/35 [Sigmund the yaktaur (glowing shapeshifter)/+0
                  | scythe (20)]
  1315 | D:2      | XOM: butterfly on damage
  1317 | D:2      | Noticed Sigmund
  1317 | D:2      | Sigmund the yaktaur changed into Sigmund the black mamba
  1319 | D:2      | Mangled by Sigmund the black mamba (glowing shapeshifter)

Illustrated notes

Levels and vault maps discovered:
D:1:      dpeg_arrival_water_altar, layout_rooms,
          ebering_ecumenical_altar_abandoned, serial_shops, shop_fountains,
          st_stairs_2, minmay_misc_feat_columns, grunt_decor_resistance
D:2:      layout_basic, kennysheep_boxes, uniq_crazy_yiuf_cottage, uniq_sigmund

Skill      XL: |  1  2  3 |
---------------+----------+-----
Invocations    | 1 |  1.0
Fighting       | |  6.5
Short Blades   | |  6.5
Long Blades    | |  0.9
Axes           | |  0.9
Maces & Flails | |  0.9
Polearms       | |  0.9
Staves         | |  0.9
Slings         | |  0.9
Bows           | |  0.9
Crossbows      | |  0.9
Throwing       | |  0.9
Armour         | |  4.5
Dodging        | |  2.6
Stealth        | |  0.9
Shields        | |  0.9
Unarmed Combat | |  0.9
Spellcasting   | |  0.9
Conjurations   | |  0.6
Hexes          | |  0.6
Summonings     | |  0.6
Necromancy     | |  0.6
Translocations | |  0.6
Transmutations | |  0.6
Fire Magic     | |  0.6
Ice Magic      | |  0.6
Air Magic      | |  0.6
Earth Magic    | |  0.6
Poison Magic   | |  0.6
Evocations     | |  0.9

Action                   || total
-------------------------++-------
Melee: Short sword       ||   114
       Bite              ||     3
Evoke: Wand              ||     5
Armor: Leather armour    ||    38
Dodge: Dodged            ||    54
